AoeStats
← a.l.a.n.t

Black Forest

508394005Analyzed
4v4 RM · 10d ago on Sep 22, 2026· 61m 25s· 8 players
Game mode
Random Map
Map size
Large (8 player)
Population
200
Speed
Normal
Resources
Standard
Victory
Conquest
Starting age
Dark Age
Ending age
Imperial Age
RankedLock teamsTeams togetherTeam positionsShared explorationLock speedFull tech treeHidden civsTurbo modeCheats
Victory
Defeat
🇩🇪 Persians · Germany
1371
+16
🇬🇧 Hindustanis · United Kingdom
1329
+18
🇨🇳 Saracens · China
1320
+18
🇬🇧 Franks · United Kingdom
1315
+18
🇸🇪 Wu · Sweden
1370
-17
🇦🇺 Lithuanians · Australia
1367
-18
🇨🇿 Khmer · Czechia
1367
-18
🇻🇳 Burgundians · Vietnam
1362
-17
Melodies of Life
2:10 Loom
6:54 Double-Bit Axe
8:47 Horse Collar
13:10 Feudal Age
16:54 Castle Age
16:57 Wheelbarrow
18:10 Bow Saw
18:01 Heavy Plow
19:42 Hand Cart
22:24 Town Watch
24:20 Scale Barding Armor
25:42 Chain Barding Armor
26:29 Burgundian Vineyards
26:36 Forging
27:57 Iron Casting
27:24 Gold Mining
29:36 Gold Shaft Mining
28:52 Stone Mining
30:04 Two-Man Saw
29:34 Crop Rotation
31:00 Guilds
32:12 Scale Mail Armor
34:46 Imperial Age
32:31 Caravan
33:52 Chain Mail Armor
35:07 Treadmill Crane
35:38 Masonry
36:34 Chemistry
35:57 Conscription
35:42 Squires
35:28 Arson
36:14 Plate Mail Armor
36:47 Blast Furnace
36:11 Onager
36:18 Pikeman
37:47 Bombard Tower
37:09 Halberdier
39:49 Fletching
46:03 Padded Archer Armor
45:52 Treadmill Crane
50:51 Hoardings
55:18 Leather Archer Armor
56:12 Flemish Revolution
Tuktad
1:01 Loom
11:52 Feudal Age
16:25 Castle Age
14:54 Double-Bit Axe
16:18 Horse Collar
17:23 Bow Saw
21:48 Town Watch
22:41 Heavy Plow
24:23 Wheelbarrow
25:48 Bloodlines
26:52 Squires
26:13 Pikeman
28:28 Gold Mining
28:29 Stone Mining
30:15 Hand Cart
34:41 Imperial Age
32:33 Husbandry
32:47 Forging
32:37 Scale Mail Armor
32:43 Scale Barding Armor
33:42 Gold Shaft Mining
32:58 Stone Mining
34:12 Iron Casting
33:27 Fletching
33:41 Padded Archer Armor
34:15 Ballistics
34:06 Masonry
33:50 Arson
34:21 Town Patrol
35:50 Chain Mail Armor
36:35 Blast Furnace
36:42 Chemistry
36:06 Conscription
35:55 Halberdier
37:26 Bodkin Arrow
38:43 Elite Fire Archer
54:00 Plate Mail Armor
Slippery
0:52 Loom
11:09 Feudal Age
15:45 Castle Age
14:34 Double-Bit Axe
18:22 Gold Mining
27:33 Wheelbarrow
27:18 Scale Barding Armor
27:23 Forging
31:09 Bow Saw
30:46 Horse Collar
33:47 Hand Cart
33:28 Stone Mining
33:57 Heavy Plow
40:07 Imperial Age
38:03 Fortified Wall
40:32 Bloodlines
40:46 Chain Barding Armor
41:02 Iron Casting
40:24 Cavalier
41:05 Husbandry
41:20 Pikeman
42:00 Squires
43:23 Chemistry
42:43 Ballistics
43:45 Plate Barding Armor
42:40 Halberdier
43:45 Scale Mail Armor
45:43 Two-Man Saw
45:42 Stone Shaft Mining
45:40 Tower Shields
45:59 Masonry
46:27 Chain Mail Armor
46:24 Paladin
48:25 Crop Rotation
49:02 Architecture
49:24 Light Cavalry
50:00 Town Watch
50:41 Conscription
51:08 Fletching
53:14 Murder Holes
INghost
1:36 Loom
12:30 Feudal Age
13:12 Double-Bit Axe
15:58 Castle Age
16:40 Horse Collar
17:37 Wheelbarrow
17:15 Bow Saw
32:24 Heavy Plow
32:17 Gold Mining
33:33 Stone Mining
35:07 Gold Shaft Mining
35:31 Hand Cart
35:56 Town Watch
41:03 Imperial Age
40:06 Ballistics
41:30 Heavy Scorpion
42:13 Double Crossbow
43:16 Chemistry
42:31 Siege Engineers
44:30 Fortified Wall
46:54 Masonry
49:03 Capped Ram
51:15 Caravan
帝国吕布
10:57 Feudal Age
9:14 Loom
11:26 Feudal Age
15:45 Castle Age
13:49 Double-Bit Axe
14:05 Horse Collar
15:55 Fletching
16:51 Bodkin Arrow
18:34 Crossbowman
20:31 Ballistics
20:13 Padded Archer Armor
27:32 Gold Mining
29:48 Bow Saw
36:18 Imperial Age
34:26 Stone Mining
35:55 Wheelbarrow
36:13 Leather Archer Armor
36:00 Heavy Plow
37:49 Gold Shaft Mining
39:02 Chemistry
38:19 Bracer
39:17 Arbalester
40:46 Thumb Ring
43:37 Two-Man Saw
45:00 Ring Archer Armor
47:22 Hand Cart
47:36 Onager
53:42 Conscription
56:46 Caravan
Creed
12:02 Feudal Age
16:20 Castle Age
15:04 Double-Bit Axe
15:00 Horse Collar
16:56 Heavy Plow
17:07 Bow Saw
24:04 Wheelbarrow
24:08 Gold Mining
25:36 Stone Mining
28:12 Gold Shaft Mining
28:13 Stone Shaft Mining
29:07 Hand Cart
32:30 Imperial Age
30:42 Forging
30:37 Scale Barding Armor
31:42 Chain Barding Armor
31:25 Loom
31:26 Town Watch
32:05 Bloodlines
31:55 Husbandry
32:33 Iron Casting
32:52 Elite War Elephant
33:53 Conscription
35:13 Blast Furnace
35:01 Plate Barding Armor
36:25 Caravan
37:26 Crop Rotation
37:59 Two-Man Saw
42:56 Devotion
47:56 Stone Shaft Mining
a.l.a.n.t
1:08 Loom
13:37 Feudal Age
18:05 Castle Age
16:54 Double-Bit Axe
17:42 Town Watch
19:19 Bow Saw
25:46 Wheelbarrow
25:20 Stone Mining
27:59 Gold Mining
33:07 Imperial Age
32:09 #83
31:53 Scale Mail Armor
32:03 Forging
32:49 Masonry
32:58 Chain Mail Armor
32:57 Squires
32:42 Gambesons
32:43 Arson
33:26 Elite Throwing Axeman
35:17 Chemistry
34:54 Conscription
35:04 Caravan
35:47 Iron Casting
35:55 Plate Mail Armor
39:25 Blast Furnace
40:58 Chivalry
42:13 Scale Barding Armor
43:05 Husbandry
42:26 Cavalier
44:06 Paladin
45:16 Chain Barding Armor
53:19 Coinage
56:51 Banking
milopokerboy
7:57 Loom
10:29 Feudal Age
11:02 Feudal Age
16:13 Castle Age
24:54 Light Cavalry
26:42 Double-Bit Axe
27:51 Bloodlines
27:42 Husbandry
28:03 Horse Collar
28:38 Bow Saw
29:22 Wheelbarrow
28:54 Town Watch
30:55 Hand Cart
31:10 Heavy Plow
33:24 Bloodlines
33:58 Scale Barding Armor
34:03 Forging
36:24 Imperial Age
34:20 Gold Mining
34:20 Stone Mining
36:25 Chain Barding Armor
36:40 Iron Casting
36:46 Fortified Wall
37:11 Heavy Camel Rider
38:35 Town Patrol
39:52 Chemistry
40:24 Plate Barding Armor
40:24 Iron Casting
41:06 Iron Casting
41:28 Grand Trunk Road
41:50 Conscription
42:40 Gold Shaft Mining
41:37 Imperial Camel Rider
43:42 Blast Furnace
43:26 Siege Engineers
58:34 Caravan
60:58 Masonry
Connection lost

Rejoining the realm…

Still unreachable

The connection could not be restored.

Session expired

The server has moved on; the page needs a fresh start.